 BcadrenCrawl: Boulder Brew version 0.03.2.1-32-g00f802a9a0 (webtiles) character file.

Game seed: 5359411383926719589, levelgen mode: deterministic

15096 esc the Slinger (level 12, -1/76 HPs) Kobold Noble. Began on Jan 22, 2021. Was an Initiate of Gozag Ym Sagoz. Slain by a giraffe zombie (9 damage) ... on level 1 of the Lair of Beasts. The game lasted 00:14:48 (5737 turns).

esc the Slinger (Kobold Noble)                      Turns: 5737, Time: 00:14:49

Health: -1/76      AC: 10    Str: 12    XL:     12 ^: 5328
Magic:  14/14      EV: 12    Int: 11    God:    Gozag Ym Sagoz
Gold:   2168       SH:  0    Dex: 19    Spells: 14/14 levels left

rFire    . . .     Vision   .   c - +1 fustibalus (freeze)
rCold    . . .     Gourm    .   (weapon restricted)
rNeg     . . .     Faith    .   t - +0 leather armour
rPois    .         Spirit   .   (no helmet)
rElec    .         Reflect  .   (no cloak)
rCorr    .         Harm     +   d - +0 pair of gloves {archery}
MR       .....                  (no boots)
Stlth    +++++.....             p - amulet of harm
HPRegen  0.35/turn              e - ring of protection
MPRegen  0.24/turn              o - ring of stealth

@: no status effects
A: small, carnivore
a: Potion Petition, Call Merchant, Bribe Branch, Renounce Religion


You were on level 1 of the Lair of Beasts.
You worshipped Gozag Ym Sagoz.
Gozag Ym Sagoz was most pleased with you.
You were not hungry.

You visited 2 branches of the dungeon, and saw 6 of its levels.
You also visited: Market.

You collected 2138 gold pieces.
You spent 970 gold pieces at shops.

Inventory:

Weapons
 c - a +1 fustibalus of freezing (weapon)
Armour
 d - a +0 pair of gloves of archery (worn)
 t - a +0 leather armour (worn)
Jewellery
 e - a ring of protection (left hand)
 n - an uncursed ring of positive energy
 o - a ring of stealth (right hand)
 p - an amulet of harm (around neck)
Wands
 r - a wand of hasting (1)
 s - a wand of iceblast (3)
 w - a wand of ensnaring (1)
 x - a wand of clouds (2)
 y - a wand of random effects (8)
 A - a wand of healing (3)
Scrolls
 h - 6 scrolls of teleportation
 i - 4 scrolls of blinking
 j - a scroll of summoning
 m - a scroll of magic mapping
 q - a scroll of fog
 z - a scroll of bless item
 B - a scroll of amnesia
Potions
 a - 2 potions of magic
 f - a potion of curing
 g - a potion of brilliance
 k - 2 potions of haste
 l - 3 potions of heal wounds
 u - 2 potions of resistance
 v - 2 potions of cancellation
Comestibles
 b - 13 rations


   Skills:
 + Level 9.6 Fighting
 + Level 14.3 Slings
 + Level 7.1 Armour
 + Level 10.1 Dodging
 - Level 10.0 Stealth
 - Level 1.5 Spellcasting


You had 14 spell levels left.
You didn't know any spells.
Your spell library contained the following spells:

 Spells                   Type           Power        Failure   Level  Hunger
 Recall                   Summ/Tloc      N/A          71%         3    ####...
 Aura of Abjuration       Summ           0 (200)      100%        5    ######.
 Summon Forest            Summ/Erth      0 (200)      100%        5    ######.
 Summon Mana Viper        Summ/Pois      0 (100)      100%        5    ######.
 Shadow Creatures         Summ           N/A          100%        6    #######


Dungeon Overview and Level Annotations

Branches:
Dungeon (5/8)              Temple (0/1) D:4            Lair (1/6) D:5

Altars:
Gozag Ym Sagoz


Innate Abilities, Weirdness & Mutations

You are small and have problems with some larger weapons.
You are carnivorous and can eat meat at any time.


Message History

The guardian mummy is heavily damaged. (24/46) HP The guardian mummy throws a throwing net.
The throwing net hits you (0).
You become entangled in the net!
You cannot throw anything while held in a net.
Unknown command.
You struggle against the net.
The guardian mummy hits you with a +0 flail (31)!!
The wolf spider hisses angrily.
You struggle against the net.
Unknown command.
You struggle against the net.
The guardian mummy hits you with a +0 flail (19)!!
* * * LOW HITPOINT WARNING * * *
Unknown command.
You rip the net and break free!
The wolf spider hits you (6).
* * * LOW HITPOINT WARNING * * *
The wolf spider barely misses you (0).
The giraffe zombie gores you from afar (8)!
You die...
Your body crumbles into a pile of gold.

..#..........###### #....#......
..#...........# #...........
...#.........## #...........
......############# #...........
......# #...####...........
...#..# +...#..............
...#..# !MZ#..............
...#..##+#######s##..............
......#...#...#.@M####.###.......
...#..#$M?#...8...###..#####..#.#
......#$..#.......#..............
...#..######8...8##P##.####......
...#..'^^^#..)....####.#####.....
...#..'^^^'...8...#..............
...##?'^^^#...#...#..............
......#############.##..#####....
#.#......##......>..#..######....


You could see a wolf spider, 2 guardian mummies and a giraffe zombie.

Vanquished Creatures
  Gastronok (D:4)
  A two-headed ogre (D:5)
  4 spiny frogs (Lair:1)
  A troll (D:5)
  A rime drake (Lair:1)
  Psyche (D:5)
  A komodo dragon (Lair:1)
  A queen bee (D:5)
  3 hippogriffs
  A hydra zombie (Lair:1)
  A basilisk (Lair:1)
  A fire elemental (Lair:1)
  11 yaks
  A giraffe skeleton (Lair:1)
  A redback (Lair:1)
  A guardian mummy (Lair:1)
  2 phantoms
  4 water moccasins (Lair:1)
  An orc warrior (D:5)
  5 ice beasts
  6 porcupines
  4 scorpions
  2 sky beasts (D:5)
  A black bear (D:5)
  Ijyb (D:2)
  4 ogres
  5 wolves (Lair:1)
  A dream sheep skeleton (Lair:1)
  4 crocodiles (Lair:1)
  2 komodo dragon skeletons (Lair:1)
  9 bullfrogs
  A gnoll sergeant (D:5)
  2 centaurs (D:5)
  4 howler monkeys (D:5)
  32 killer bees
  2 electric eels (Lair:1)
  A rime drake zombie (Lair:1)
  A crimson imp (D:4)
  4 hounds
  6 jellies
  4 orc wizards
  4 orc priests
  6 worker ants
  7 iguanas
  A wyvern zombie (D:5)
  2 wyvern skeletons
  11 giant cockroaches
  5 bullfrog zombies
  A bullfrog skeleton (Lair:1)
  13 gnolls
  A shadow imp (D:3)
  10 adders
  7 sewer rats (D:2)
  A white imp (D:4)
  9 cinder newts
  A worm (D:2)
  2 oozes (D:1)
  3 dart slugs
  6 leopard geckos
  16 orcs
  2 adder skeletons (D:5)
  10 bats (D:1)
  7 goblins (D:1)
  4 hobgoblins (D:1)
  5 kobolds (D:1)
  7 quokkas
  A hobgoblin skeleton (D:2)
  7 rats (D:1)
  A bush (D:4)
  A butterfly (D:5)
  A fire vortex (Lair:1)
  4 plants
  4 withered plants (D:2)
299 creatures vanquished.

Vanquished Creatures (others)
  15 fungi (D:5)
  16 plants (D:5)
  80 withered plants (D:2)
111 creatures vanquished.

Grand Total: 410 creatures vanquished

Notes
Turn   | Place    | Note
-------+----------+-------------------------------------------
     0 | Start Ma | esc the Kobold Noble began the quest for the Orb.
     0 | Start Ma | Reached XP level 1. HP: 12/12 MP: 2/2
     0 | Start Ma | Found Itoef's Expert Tomes.
     0 | Start Ma | Found Fearch's Auxillary Armour.
     8 | Start Ma | Bought a +0 fustibalus for 300 gold pieces
    13 | Start Ma | Bought a +0 pair of gloves of archery for 230 gold pieces
    18 | Start Ma | Found Naphiggu's Mashing MeleeMart.
    28 | Start Ma | Bought an uncursed ring of protection for 440 gold pieces
    36 | D:1      | esc set off with the following items: a +0 robe, a ration,
                  | a +0 fustibalus, a +0 pair of gloves of archery, a ring of
                  | protection
    64 | D:1      | Reached XP level 2. HP: 16/16 MP: 3/3
   149 | D:1      | Reached XP level 3. HP: 16/21 MP: 5/5
   178 | D:1      | Reached skill level 1 in Slings
   270 | D:1      | Reached skill level 2 in Slings
   302 | D:1      | Reached skill level 3 in Slings
   302 | D:1      | Reached XP level 4. HP: 26/26 MP: 6/6
   322 | D:1      | Reached skill level 4 in Slings
   470 | D:1      | Reached XP level 5. HP: 28/30 MP: 7/7
   477 | D:1      | Reached skill level 5 in Slings
   977 | D:2      | Reached skill level 6 in Slings
  1097 | D:2      | Reached XP level 6. HP: 35/35 MP: 8/8
  1152 | D:2      | Reached skill level 7 in Slings
  1205 | D:2      | Found a faded altar of an unknown god.
  1236 | D:2      | Reached skill level 8 in Slings
  1275 | D:2      | Became a worshipper of Gozag Ym Sagoz the Greedy
  1476 | D:2      | Noticed Ijyb
  1484 | D:2      | Killed Ijyb
  1484 | D:2      | Reached skill level 9 in Slings
  1484 | D:2      | Reached XP level 7. HP: 29/39 MP: 9/9
  1962 | D:3      | Reached skill level 1 in Dodging
  2114 | D:3      | Reached skill level 1 in Armour
  2287 | D:3      | Reached XP level 8. HP: 45/45 MP: 10/10
  2767 | D:4      | Noticed Gastronok
  2775 | D:4      | Killed Gastronok
  2775 | D:4      | Reached skill level 5 in Fighting
  2775 | D:4      | Reached skill level 11 in Slings
  2775 | D:4      | Reached skill level 5 in Dodging
  2775 | D:4      | Reached XP level 9. HP: 51/54 MP: 11/11
  2802 | D:4      | Reached XP level 10. HP: 55/60 MP: 12/12
  3045 | D:4      | Found a staircase to the Ecumenical Temple.
  3501 | D:5      | Entered Level 5 of the Dungeon
  3829 | D:5      | Reached skill level 12 in Slings
  3832 | D:5      | Noticed a two-headed ogre
  3834 | D:5      | Killed a two-headed ogre
  3856 | D:5      | Reached skill level 5 in Armour
  3906 | D:5      | Reached XP level 11. HP: 67/67 MP: 13/13
  4075 | D:5      | Noticed Psyche
  4118 | D:5      | Killed Psyche
  4120 | D:5      | Reached skill level 10 in Stealth
  4136 | D:5      | Found a staircase to the Lair.
  4399 | D:5      | Reached skill level 13 in Slings
  4737 | Lair:1   | Entered Level 1 of the Lair of Beasts
  4843 | Lair:1   | Reached XP level 12. HP: 75/75 MP: 14/14
  4945 | Lair:1   | Reached skill level 14 in Slings
  5249 | Lair:1   | Reached skill level 10 in Dodging
  5737 | Lair:1   | Slain by a giraffe zombie

Levels and vault maps discovered:
D:1:      mushboom_english_gardens, layout_loops_ring, first_ration,
          serial_park_tiny_2, hangedman_glass_teeth
D:2:      layout_sewer, chequers_ecumenical_altar_simple, uniq_ijyb
D:3:      layout_cave_pods
D:4:      layout_long_grid, minmay_temple_entry_drinking_statues, serial_forest,
          infiniplex_forest_clump_double, infiniplex_forest_zigzag_2,
          infiniplex_forest_end_2, infiniplex_forest_clump_small,
          infiniplex_forest_lined_ring, infiniplex_forest_lined_room_2,
          infiniplex_forest_end_3, infiniplex_forest_clump_small, uniq_gastronok
D:5:      layout_loops_ring, grunt_lair_entry_orc_guard_hut, special_room
          [special_room_bee], uniq_psyche
Lair:1:   layout_gridlike, minmay_ossuary_scorpions_multiroom

Skill      XL: |  1  2  3  4  5  6  7  8  9 10 11 12 |
---------------+-------------------------------------+-----
Stealth        | 2 3 7 9 10 | 10.0
Slings         | 3 4 6 9 11 12 13 14 | 14.3
Fighting       | 2 5 7 8 9 |  9.6
Dodging        | 2 5 7 9 10 | 10.1
Armour         | 1 3 5 6 7 |  7.1
Spellcasting   | |  1.5

Action                   |  1- 3 |  4- 6 |  7- 9 | 10-12 || total
-------------------------+-------+-------+-------+-------++-------
Melee: Unarmed           |       |    27 |    21 |       ||    48
 Fire: Fustibalus        |    25 |    75 |    61 |   287 ||   448
Throw: Skull             |       |     3 |       |       ||     3
       Bone              |       |     3 |       |       ||     3
       Stone             |       |     2 |       |       ||     2
       Rusty metal       |       |     2 |       |       ||     2
Invok: Potion Petition   |       |       |       |     1 ||     1
  Use: Scroll            |       |       |       |     2 ||     2
       Potion            |       |       |       |     2 ||     2
  Eat: Chunk             |     4 |     5 |       |       ||     9
       Ration            |       |       |       |     3 ||     3
Armor: Robe              |     3 |    18 |       |       ||    21
       Leather armour    |       |       |     1 |    13 ||    14
Dodge: Dodged            |       |     1 |     1 |    17 ||    19
